 Dungeon Crawl Stone Soup version 0.29-b1-12-g9e2288ab2a (webtiles) character file.

Game seed: 13903881368644266174

3037 themarg the Martial Artist (level 9, -2/65 (68) HPs)
             Began as a Gnoll Transmuter on Aug 24, 2022.
             Was an Initiate of Gozag.
             Slain by a wight
             ... wielding a +3 halberd
              (14 damage)
             ... on level 8 of the Dungeon.
             The game lasted 00:38:38 (9604 turns).

themarg the Martial Artist (Gnoll Transmuter)       Turns: 9604, Time: 00:38:38

HP:   -2/65 (68)    AC:  2    Str:  9    XL:     9   Next: 86%
MP:   16/19         EV: 24    Int: 17    God:    Gozag
Gold: 630           SH:  0    Dex: 18    Spells: 16/22 levels left

rFire   . . .      SeeInvis .     - Unarmed
rCold   . . .      Faith    .   (shield currently unavailable)
rNeg    . . .      Spirit   .   (body armour currently unavailable)
rPois   x          Reflect  .   (helmet currently unavailable)
rElec   .          Harm     .   (cloak currently unavailable)
rCorr   .          Rampage  .   (gloves currently unavailable)
Will    .....                   (boots currently unavailable)
Stlth   +++.......              (no amulet)
HPRegen 0.20/turn               (no ring)
MPRegen 0.16/turn               (no ring)

@: about to teleport, spider-form, wereblooded, gold aura, lightly drained
A: venomous fangs, tiny, (fangs 1), strong nose, distributed training
a: End Transformation, Renounce Religion, Potion Petition, Call Merchant, Bribe
Branch


You were on level 8 of the Dungeon.
You worshipped Gozag.
Gozag was pleased with you.
You were a venomous arachnid creature.
You visited 2 branches of the dungeon, and saw 9 of its levels.

You collected 752 gold pieces.
You paid 122 gold pieces to Gozag.

Inventory:

Hand Weapons
 i - a +0 dagger of venom (melded)
 y - a +2 hand axe of flaming
 B - a +1 dire flail of draining
Missiles
 o - 6 atropa-tipped darts
 q - 16 poisoned darts
 F - 2 throwing nets
Armour
 a - a +0 robe (melded)
 c - a +1 hat (melded)
 w - a +0 pair of gloves (melded)
 x - a +0 cloak (melded)
 E - a +3 leather armour of cold resistance
Jewellery
 d - a ring of see invisible
 h - a ring of protection from fire
 H - a +6 ring of intelligence
 I - a ring of magical power
Wands
 g - a wand of flame (52)
 r - a wand of acid (2)
 z - a wand of mindburst (22)
Scrolls
 e - 3 scrolls of noise
 j - 4 scrolls of vulnerability
 k - a scroll of enchant armour
 m - a scroll of fear {unknown}
 n - 2 scrolls of amnesia
 p - 2 scrolls of fog {unknown}
 t - 2 scrolls of enchant weapon {unknown}
 u - a scroll of immolation {unknown}
 v - 5 scrolls of teleportation
 A - 2 scrolls of poison {unknown}
 C - 2 scrolls of magic mapping {unknown}
 D - a scroll of identify
Potions
 b - a potion of lignification
 f - 2 potions of mutation
 l - a potion of flight
 s - 2 potions of might
 G - a potion of resistance {unknown}


   Skills:
 + Level 5.5 Fighting
 + Level 4.8 Short Blades
 + Level 4.8 Long Blades
 + Level 4.8 Axes
 + Level 4.8 Maces & Flails
 + Level 4.8 Polearms
 + Level 4.8 Staves
 + Level 4.8 Ranged Weapons
 + Level 4.8 Throwing
 + Level 4.8 Armour
 + Level 6.7 Dodging
 + Level 4.8 Stealth
 + Level 4.8 Shields
 + Level 8.2 Unarmed Combat
 + Level 7.0 Spellcasting
 + Level 4.0 Conjurations
 + Level 4.0 Hexes
 + Level 4.0 Summonings
 + Level 4.0 Necromancy
 + Level 4.0 Translocations
 + Level 5.6 Transmutations
 + Level 4.0 Fire Magic
 + Level 4.0 Ice Magic
 + Level 4.0 Air Magic
 + Level 4.0 Earth Magic
 + Level 4.0 Poison Magic
 + Level 5.3 Invocations
 + Level 4.8 Evocations


You had 16 spell levels left.
You knew the following spells:

 Your Spells              Type           Power      Damage    Failure   Level
a - Beastly Appendage     Tmut           50%        N/A       5%          1
b - Wereblood             Tmut           25%        N/A       8%          2
c - Spider Form           Tmut/Pois      22%        N/A       14%         3

Your spell library contained the following spells:

 Spells                   Type           Power      Damage    Failure   Level
 Foxfire                  Conj/Fire      76%        2x1d7     9%          1
 Conjure Flame            Conj/Fire      19%        6-21      19%         3
 Gell's Gravitas          Tloc           19%        N/A       19%         3
 Inner Flame              Hex/Fire       19%        N/A       19%         3
 Lesser Beckoning         Tloc           19%        N/A       19%         3
 Ozocubu's Armour         Ice            19%        N/A       19%         3
 Portal Projectile        Hex/Tloc       38%        N/A       19%         3
 Teleport Other           Tloc           19%        N/A       19%         3
 Tukima's Dance           Hex            19%        N/A       19%         3
 Ice Form                 Ice/Tmut       22%        N/A       34%         4
 Flame Wave               Conj/Fire      19%        2d7       43%         4
 Hailstorm                Conj/Ice       19%        3d6       43%         4
 Blade Hands              Tmut           12%        N/A       54%         5
 Metabolic Englaciation   Hex/Ice        9%         N/A       73%         5
 Simulacrum               Ice/Necr       Unusable   N/A       N/A         6

Dungeon Overview and Level Annotations

Branches:
Dungeon (8/15)             Temple (1/1) D:6
   Lair: D:8-11

Altars:
Ashenzari
Cheibriados
Dithmenos
Elyvilon
Gozag
Hepliaklqana
Kikubaaqudgha
Makhleb
Nemelex Xobeh
Okawaru
Qazlal
Ru
Trog
Vehumet
Wu Jian
Xom
Yredelemnul
Zin

Shops:
D:5 (   D:6 ((   D:8 [

Annotations:
D:4 exclusion: downstairs
D:6 1 runed translucent door, Marhog's ghost, novice OpTm
D:8 Maurice


Innate Abilities, Weirdness & Mutations

You are a venomous arachnid creature.
You have poisonous fangs.
You are tiny and dextrous.
Your spellcasting is less reliable in this form.
Your armour is entirely melded.
You are incapable of wielding weapons or throwing items.
((You have very sharp teeth.))
Your uncanny sense of smell can sniff out nearby items.
Your experience applies equally to all skills.


Message History

The wight closely misses you.
You hear a zap.
You hear a grinding noise.
You hit the wight but do no damage. The wight completely misses you.
The wight closely misses you. The wight completely misses you.
You hit the wight but do no damage.
You hiss as the wereblood boils in your veins!
The wight barely misses you. x2; The wight completely misses you.
You hit the wight.
The wight is moderately damaged.
The wight misses you.
The wight hits you from afar with a +3 halberd!
The wight completely misses you.
You bite the wight!
The wight is severely damaged.
You hiss as the wereblood boils in your veins!
The wight hits you with a +4 short sword!
You feel drained. The wight misses you. The wight completely misses you.
You barely miss the wight.
The wight is severely damaged.
The wight completely misses you.
The wight hits you from afar with a +3 halberd!
* * * LOW HITPOINT WARNING * * *
The wight completely misses you.
You hear a zap.
Some rock shatters into small pieces.
Maurice the Thief comes into view.
He is wielding a +0 short sword and carrying a wand of digging (3).
Okay, then.
What are your orders? t - Hiss!
Orders for allies: a - Attack new target. r - Retreat! s - Stop attacking. g - Guard the area. f - Follow me.
Anything else - Cancel.
Okay, then.
As you read the scroll labelled SUDARCH TUILUOST, it crumbles to dust.
You feel strangely unstable.
It was a scroll of teleportation.
The wight closely misses you.
The wight hits you from afar with a +3 halberd!
You die...
Your body crumbles into a pile of gold.

## .# .# ###.####.#
....... ########z.#.#
#....zzs....##
#.######.....# @.#..#
.......#+# ..#...##.#
########.#.##.# #####
.........#..#.###....
########..........###
#..........#.#


You could see Maurice and 3 wights.

Vanquished Creatures
  Pikel (D:5)
  Grinder (D:6)
  Menkaure (D:5)
  Edmund (D:5)
  An orc warrior (D:7)
  2 ice beasts
  2 centaurs
  An ogre (D:6)
  2 phantoms
  A kobold brigand (D:7)
  2 bullfrogs
  2 scorpions (D:6)
  3 necrophages
  2 wights (D:8)
  A howler monkey (D:6)
  An electric eel (D:6)
  6 hounds
  A jelly (D:7)
  4 orc priests
  An iguana (D:7)
  Ijyb (D:5)
  3 orc wizards
  6 gnolls
  7 adders
  3 river rats (D:6)
  2 shadow imps
  An ufetubus (D:7)
  2 worms (D:2)
  7 dart slugs
  28 orcs
  8 ball pythons
  6 bats
  9 endoplasms
  3 giant cockroaches
  7 goblins
  8 hobgoblins
  5 jackals
  2 quokkas
  2 frilled lizards (D:1)
  19 kobolds
  5 rats
170 creatures vanquished.

Notes
Turn   | Place    | Note
-------+----------+-------------------------------------------
     0 | D:1      | themarg the Gnoll Transmuter began the quest for the Orb.
     0 | D:1      | Reached XP level 1. HP: 17/17 MP: 6/6
   167 | D:1      | Reached XP level 2. HP: 23/23 MP: 5/7
   170 | D:1      | Learned a level 2 spell: Wereblood
   694 | D:1      | Reached skill level 5 in Spellcasting
   694 | D:1      | Reached XP level 3. HP: 25/28 MP: 6/9
   698 | D:1      | Learned a level 3 spell: Spider Form
   935 | D:2      | Reached skill level 1 in Invocations
  1469 | D:2      | Reached skill level 1 in Short Blades
  1469 | D:2      | Reached skill level 1 in Long Blades
  1469 | D:2      | Reached skill level 1 in Axes
  1469 | D:2      | Reached skill level 1 in Maces & Flails
  1469 | D:2      | Reached skill level 1 in Polearms
  1469 | D:2      | Reached skill level 1 in Staves
  1469 | D:2      | Reached skill level 1 in Ranged Weapons
  1469 | D:2      | Reached skill level 1 in Throwing
  1469 | D:2      | Reached skill level 1 in Armour
  1469 | D:2      | Reached skill level 1 in Stealth
  1469 | D:2      | Reached skill level 1 in Shields
  1469 | D:2      | Reached skill level 1 in Evocations
  1616 | D:2      | Reached XP level 4. HP: 31/34 MP: 7/11
  2210 | D:3      | Reached skill level 1 in Conjurations
  2210 | D:3      | Reached skill level 1 in Hexes
  2210 | D:3      | Reached skill level 1 in Summonings
  2210 | D:3      | Reached skill level 1 in Necromancy
  2210 | D:3      | Reached skill level 1 in Translocations
  2210 | D:3      | Reached skill level 1 in Fire Magic
  2210 | D:3      | Reached skill level 1 in Ice Magic
  2210 | D:3      | Reached skill level 1 in Air Magic
  2210 | D:3      | Reached skill level 1 in Earth Magic
  2210 | D:3      | Reached skill level 1 in Poison Magic
  2264 | D:3      | Found a glowing silver altar of Zin.
  2361 | D:3      | Found a sacrificial altar of Ru.
  2440 | D:3      | Became a worshipper of Ru the Awakened
  2513 | D:3      | Reached XP level 5. HP: 39/40 MP: 7/12
  2652 | D:3      | Found a sparkling altar of Nemelex Xobeh.
  2788 | D:3      | Found a broken altar of Ashenzari.
  2851 | D:3      | Found a faded altar of an unknown god.
  3894 | D:4      | Reached XP level 6. HP: 37/47 MP: 4/13
  4031 | D:4      | Reached skill level 5 in Dodging
  4127 | D:4      | Identified the +1 chain mail "Vorug" {Int+6}
  4431 | D:5      | Entered Level 5 of the Dungeon
  4480 | D:5      | Noticed Ijyb
  4496 | D:5      | Found Kuocvueqic's Antique Weapon Shoppe.
  4529 | D:5      | Reached skill level 7 in Unarmed Combat
  4529 | D:5      | Reached XP level 7. HP: 52/52 MP: 12/15
  4841 | D:5      | Noticed Menkaure
  5075 | D:5      | Noticed Edmund
  5087 | D:5      | Killed Edmund
  5347 | D:5      | Noticed Pikel
  5365 | D:5      | Killed Pikel
  5366 | D:5      | Reached XP level 8. HP: 29/61 MP: 12/17
  5692 | D:5      | Found a basalt altar of Yredelemnul.
  5942 | D:5      | Found a burning altar of Makhleb.
  5942 | D:5      | Noticed a balrug
  5947 | D:5      | Noticed a smoke demon
  5947 | D:5      | Noticed an orange demon
  6151 | D:5      | Killed Menkaure
  6152 | D:5      | Reached skill level 5 in Transmutations
  6575 | D:5      | Killed Ijyb
  6716 | D:6      | Reached XP level 9. HP: 66/66 MP: 14/18
  6727 | D:6      | Found a staircase to the Ecumenical Temple.
  6733 | Temple   | Entered the Ecumenical Temple
  6939 | Temple   | Fell from the grace of Ru
  6939 | Temple   | Became a worshipper of Gozag Ym Sagoz the Greedy
  7159 | D:6      | Found an ornate altar of the Wu Jian Council.
  7252 | D:6      | Noticed Grinder
  7288 | D:6      | Killed Grinder
  7289 | D:6      | Reached skill level 5 in Fighting
  7486 | D:6      | Found a runed translucent door.
  7492 | D:6      | Noticed Marhog's ghost (novice OpTm)
  7515 | D:6      | Reached skill level 8 in Unarmed Combat
  7701 | D:6      | Found Qadef's Antique Weapon Shop.
  7707 | D:6      | Found Xedio's Antique Weapon Emporium.
  8518 | D:7      | Reached skill level 5 in Invocations
  9086 | D:7      | Found a radiant altar of Vehumet.
  9513 | D:8      | Found Neplumio's Antique Armour Shoppe.
  9604 | D:8      | Noticed Maurice
  9604 | D:8      | Slain by a wight

Illustrated notes

Levels and vault maps discovered:
D:1:      mrwooster_arrival_statue, layout_loops_cross
D:2:      layout_basic
D:3:      layout_loops_corners, mainiacjoe_overflow_alcove_2,
          mainiacjoe_overflow_catwalk, nemelex_xobeh_ov_fountains_minmay,
          lemuel_coloured_pillars_altar, hellmonk_ecumenical_altar_heavens_door,
          minmay_pentangle
D:4:      layout_basic, minmay_fractal_squares_gapless_5
D:5:      layout_loops_corners, amcnicky_altar_gilded,
          makhleb_altar_promises_db, serial_shops, nicolae_shop_trees,
          st_stairs_2, uniq_menkaure, uniq_ijyb, uniq_pikel, uniq_edmund
D:6:      layout_loops_corners, mainiacjoe_overflow_boulevard,
          minmay_temple_entry_hall, portal_sewer_entry_a, ebering_ghost_sewer_d,
          amcnicky_mini_pool_small, nicolae_wooded_promenade,
          hangedman_decor_growths, uniq_grinder
D:7:      layout_loops_ring, kennysheep_little_box
D:8:      layout_basic, nicolae_tso_swordbearing_angel,
          grunt_lair_entry_orc_guard_hut, serial_shops, shop, shop,
          nicolae_shop_bloodbath_and_beyond, kennysheep_generic_room_6,
          uniq_erica, uniq_maurice
Temple:   dpeg_chambers_temple

Skill      XL: |  1  2  3  4  5  6  7  8  9 |
---------------+----------------------------+-----
Spellcasting   | 5 6 7 |  7.0
Invocations    | 1 2 3 4 5 |  5.3
Short Blades   | 1 2 3 4 |  4.8
Long Blades    | 1 2 3 4 |  4.8
Axes           | 1 2 3 4 |  4.8
Maces & Flails | 1 2 3 4 |  4.8
Polearms       | 1 2 3 4 |  4.8
Staves         | 1 2 3 4 |  4.8
Ranged Weapons | 1 2 3 4 |  4.8
Throwing       | 1 2 3 4 |  4.8
Armour         | 1 2 3 4 |  4.8
Stealth        | 1 2 3 4 |  4.8
Shields        | 1 2 3 4 |  4.8
Evocations     | 1 2 3 4 |  4.8
Conjurations   | 1 2 3 4 |  4.0
Hexes          | 1 2 3 4 |  4.0
Summonings     | 1 2 3 4 |  4.0
Necromancy     | 1 2 3 4 |  4.0
Translocations | 1 2 3 4 |  4.0
Fire Magic     | 1 2 3 4 |  4.0
Ice Magic      | 1 2 3 4 |  4.0
Air Magic      | 1 2 3 4 |  4.0
Earth Magic    | 1 2 3 4 |  4.0
Poison Magic   | 1 2 3 4 |  4.0
Fighting       | 3 4 5 |  5.5
Transmutations | 4 5 |  5.6
Dodging        | 5 6 |  6.7
Unarmed Combat | 7 8 |  8.2

Action                   |  1- 3 |  4- 6 |  7- 9 || total
-------------------------+-------+-------+-------++-------
Melee: Unarmed           |    18 |    65 |   238 ||   321
       Kick              |    17 |    18 |     3 ||    38
       Headbutt          |    10 |    12 |       ||    22
       Spear             |    16 |       |       ||    16
       Mace              |    41 |       |       ||    41
       Bite              |     8 |     6 |     1 ||    15
       Punch             |     3 |     5 |     1 ||     9
       Dagger            |    17 |    81 |    11 ||   109
 Cast: Beastly Appendage |    25 |    21 |     2 ||    48
       Wereblood         |     3 |     6 |     8 ||    17
       Spider Form       |     2 |     9 |    35 ||    46
  Use: Scroll            |       |     7 |     2 ||     9
       Potion            |       |       |     1 ||     1
 Stab: Sleeping          |     2 |     7 |     4 ||    13
       Distracted        |       |       |     1 ||     1
Armor: Robe              |    10 |    12 |     1 ||    23
       Skin              |     1 |     1 |     4 ||     6
Dodge: Dodged            |    70 |   106 |   192 ||   368
